Map: Pillars of Gold LE

Players

Serral - Winner!

  • Race: Zerg Zerg
  • Spawn Location: 1:00

INnoVation

  • Race: Terran Terran
  • Spawn Location: 7:00

Event: DreamHack SC2 Masters 2020 Summer Season Finals

VOD

Have the link to the VOD?

Description

Time

  • Played on: July 16, 2020, 11:37 a.m.
  • Length: 12:27

All games in this series

Show
View Real Time Build Order
Export as new Build Order

Serral Zerg - Winner!

Build Orders: Hatch First 

Get SALT Encoding   

  12  0:00  Drone  
  13  0:13  Overlord  
  13  0:17  Drone  
  14  0:32  Drone x2  
  16  0:50  Hatchery  
  16  0:53  Drone  
  16  0:56  Drone  
  17  1:00  Drone  
  18  1:10  Extractor  
  17  1:15  Spawning Pool  
  16  1:18  Drone  
  16  1:22  Drone  
  18  1:29  Drone  
  19  1:41  Drone  
  20  1:51  Overlord  
  20  2:02  Queen x2  
  20  2:03  Zergling x4  
  26  2:12  Drone  
  26  2:13  Drone  
  26  2:14  Metabolic Boost  
  28  2:23  Drone  
  28  2:24  Drone  
  30  2:38  Hatchery  
  30  2:42  Drone  
  31  2:44  Drone  
  31  2:50  Queen  
  33  2:55  Overlord  
  33  2:58  Drone  
  34  3:00  Drone  
  34  3:02  Drone  
  36  3:14  Drone x4  
  36  3:17  Overlord  
  36  3:19  Drone  
  41  3:22  Drone  
  41  3:25  Queen  
  44  3:34  Roach Warren, Extractor  
  43  3:35  Drone  
  43  3:36  Drone  
  44  3:44  Drone x2  
  47  3:48  Drone x2  
  47  3:51  Overlord  
  47  3:52  Overlord  
  47  3:55  Zergling x2  
  49  4:06  Zergling x2  
  50  4:13  Roach x3  
  50  4:14  Drone x4  
  50  4:16  Queen  
  62  4:21  Drone x3  
  65  4:26  Lair  
  65  4:32  Zergling x2  
  65  4:33  Drone x2  
  65  4:34  Drone  
  65  4:37  Overlord  
  69  4:41  Zergling x2  
  70  4:48  Zergling x2  
  70  4:49  Drone x4  
  70  4:52  Overlord x2  
  74  4:56  Queen  
  74  4:59  Drone x2  
  78  5:02  Drone x2  
  78  5:04  Drone x2  
  78  5:14  Extractor  
  78  5:15  Extractor  
  78  5:16  Drone x4  
  78  5:17  Evolution Chamber x2, Drone  
  78  5:20  Extractor  
  78  5:21  Drone x2  
  78  5:23  Drone  
  78  5:25  Drone x3  
  82  5:29  Baneling Nest  
  82  5:31  Drone x3  
  84  5:36  Drone  
  84  5:41  Hatchery  
  84  5:44  Zerg Melee Weapons Level 1  
  84  5:46  Zerg Ground Armor Level 1  
  84  5:48  Overlord  
  84  5:50  Overlord  
  84  5:54  Overlord  
  84  5:56  Zergling x6  
  87  5:59  Zergling x2  
  87  6:00  Zergling x4  
  90  6:08  Overlord  
  90  6:09  Zergling x14  
  97  6:12  Centrifical Hooks  
  97  6:18  Zergling x2  
  97  6:19  Zergling x6  
  97  6:20  Hydralisk Den  
  100  6:27  Zergling x6  
  100  6:28  Zergling x8  
  100  6:31  Baneling x8  
  107  6:34  Drone  
  107  6:35  Overseer  
  107  6:38  Drone x2  
  110  6:42  Spore Crawler, Overlord  
  110  6:43  Overlord  
  110  6:44  Drone  
  110  6:48  Drone x2  
  110  6:49  Drone x2  
  110  6:53  Muscular Augments  
  114  6:55  Drone x3  
  117  7:02  Overlord  
  117  7:03  Queen  
  117  7:04  Zergling x6  
  121  7:10  Zergling x12  
  121  7:14  Overlord  
  127  7:20  Drone x4  
  129  7:25  Drone  
  129  7:29  Zergling x10  
  132  7:36  Hydralisk x3  
  138  7:39  Baneling x6  
  138  7:40  Baneling x4  
  137  7:44  Zergling x10  
  142  7:52  Baneling x8  
  142  7:54  Zergling x12  
  148  8:01  Hydralisk  
  148  8:02  Hatchery, Hydralisk x3  
  148  8:05  Zerg Melee Weapons Level 2, Zerg Ground Armor Level 2  
  151  8:08  Grooved Spines  
  151  8:09  Drone  
  151  8:11  Overlord x3  
  152  8:15  Overlord  
  152  8:16  Overlord  
  152  8:29  Infestation Pit  
  152  8:31  Hydralisk x4  
  152  8:32  Hydralisk x2  
  152  8:33  Zergling x12  
  168  8:41  Drone x3, Zergling x6  
  171  8:43  Baneling x8  
  174  8:50  Zergling x10  
  174  8:51  Burrow  
  179  9:00  Zergling x12  
  185  9:04  Drone, Extractor  
  185  9:08  Overlord x2  
  185  9:12  Overseer, Pneumatized Carapace  
  185  9:14  Zergling x14  
  164  9:24  Zergling x6  
  164  9:29  Baneling x3  
  164  9:30  Baneling x13, Zergling x16  
  164  9:31  Zergling x2  
  175  9:35  Zergling x8  
  175  9:38  Baneling, Hive  
  179  9:39  Baneling x6  
  179  9:45  Zergling x16  
  187  9:49  Queen  
  187  9:52  Spore Crawler  
  187  10:10  Drone  
  187  10:11  Drone x3, Extractor  
  187  10:13  Baneling x9, Zergling x12  
  187  10:14  Zergling x6  
  199  10:21  Zerg Missile Weapons Level 1  
  199  10:23  Spine Crawler  
  199  10:27  Zergling x8  
  200  10:29  Baneling x6  
  200  10:30  Baneling x10  
  200  10:34  Hatchery  
  199  10:36  Baneling x8  
  193  10:51  Viper  
  193  10:56  Drone x2, Zergling x4  
  193  10:57  Zergling x8  
  193  11:23  Zergling x50  
  184  11:26  Zergling x8  
  184  11:28  Baneling x6  
  184  11:29  Baneling x18  
  186  11:35  Zergling x10  
  191  11:43  Zergling x16  
  199  11:49  Baneling x3  
  199  11:54  Baneling x3  
  197  11:56  Zergling x12  
  197  11:59  Zergling x16  
  197  12:01  Zergling x2  
  188  12:03  Zergling x8  
Show
View Real Time Build Order
Export as new Build Order

INnoVation Terran 

Build Orders: Reaper Expand 

Get SALT Encoding   

  12  0:01  SCV  
  13  0:13  SCV  
  14  0:17  Supply Depot  
  14  0:25  SCV  
  15  0:39  SCV  
  15  0:41  Barracks  
  16  0:45  Refinery  
  16  0:51  SCV  
  17  1:03  SCV  
  18  1:15  SCV  
  19  1:28  Orbital Command, Reaper  
  20  1:42  Command Center  
  20  1:53  Supply Depot  
  20  1:54  SCV  
  20  2:00  Marine  
  22  2:06  SCV  
  23  2:10  Factory  
  23  2:18  SCV  
  24  2:22  Barracks Reactor  
  24  2:31  SCV  
  25  2:43  SCV  
  26  2:48  Command Center  
  26  2:54  Orbital Command  
  26  2:56  SCV  
  27  3:03  Hellion  
  29  3:07  Hellion  
  29  3:08  Barracks Tech Lab  
  29  3:11  SCV  
  32  3:22  SCV  
  32  3:23  SCV  
  34  3:27  Stimpack, Marine  
  34  3:28  Hellion  
  34  3:31  Hellion  
  39  3:35  SCV x2  
  41  3:45  Marine  
  41  3:47  SCV  
  41  3:48  SCV  
  44  3:58  Factory Reactor  
  44  3:59  Barracks  
  44  4:00  SCV x2  
  44  4:01  Refinery  
  44  4:02  Orbital Command, Barracks  
  46  4:03  Marine  
  46  4:08  Factory Tech Lab  
  46  4:15  SCV x2  
  48  4:17  Supply Depot  
  48  4:22  Marine  
  48  4:23  Bunker  
  49  4:28  SCV x3  
  55  4:33  Supply Depot  
  55  4:34  Refinery  
  55  4:40  Marine  
  55  4:43  SCV x3  
  55  4:44  Supply Depot  
  59  4:52  Starport  
  56  4:55  SCV x2  
  56  4:56  SCV  
  56  4:57  Marine, Factory Reactor  
  56  4:58  Marine x2  
  56  4:59  Barracks Reactor  
  62  5:02  Engineering Bay  
  62  5:03  Engineering Bay  
  62  5:11  Combat Shield  
  62  5:12  SCV x3  
  61  5:17  Marine x3  
  64  5:24  Refinery, SCV x2  
  66  5:28  Terran Infantry Weapons Level 1, Barracks  
  66  5:29  Terran Infantry Armor Level 1, Barracks  
  66  5:36  SCV x2  
  66  5:40  Marine x3  
  66  5:41  Medivac  
  66  5:42  Orbital Command  
  73  5:43  Medivac  
  73  5:48  SCV x2  
  77  5:50  Supply Depot  
  77  5:53  Supply Depot  
  77  5:56  Siege Tank  
  80  6:00  Marine x2  
  80  6:01  Marine x2  
  80  6:02  Marine  
  85  6:11  SCV x3  
  85  6:14  Supply Depot x2  
  85  6:16  Barracks Reactor  
  85  6:17  Barracks Reactor  
  88  6:23  Marine x5  
  93  6:25  SCV  
  93  6:26  SCV x2  
  93  6:28  Siege Tank  
  93  6:31  Armory  
  99  6:37  Supply Depot  
  99  6:40  Medivac  
  99  6:41  Marine x5  
  99  6:44  Medivac  
  99  6:45  SCV x3  
  111  6:47  Refinery  
  111  6:50  Supply Depot  
  111  6:52  Marine  
  111  6:53  Marine x3  
  115  6:58  Marine  
  115  6:59  Marine x3  
  115  7:00  Siege Tank  
  120  7:03  SCV x3  
  120  7:05  Supply Depot  
  123  7:11  Barracks  
  123  7:12  Marine  
  123  7:13  Marine x4, Barracks x2  
  128  7:16  Marine  
  128  7:19  Medivac  
  133  7:27  Supply Depot  
  133  7:28  Terran Infantry Weapons Level 2, Supply Depot  
  132  7:31  Marine  
  132  7:32  Marine x3  
  132  7:34  Terran Infantry Armor Level 2  
  132  7:35  Marine x5  
  139  7:49  Siege Tank  
  139  7:50  Marine x4  
  139  7:51  Supply Depot  
  146  7:53  Marine x3  
  146  7:54  Marauder  
  151  8:03  Barracks Reactor  
  151  8:05  Barracks Reactor  
  121  8:06  Marine, Barracks Reactor, Medivac  
  121  8:07  Marine  
  121  8:08  Marine x3  
  121  8:11  Marine x3, Medivac  
  133  8:15  Marine  
  134  8:20  Missile Turret  
  134  8:22  Missile Turret  
  134  8:24  Siege Tank, Marine  
  134  8:25  Marine x2  
  134  8:26  Marine x2  
  142  8:29  Marine x3  
  145  8:35  Marine  
  145  8:38  Supply Depot x2  
  145  8:40  Sensor Tower, Marine x2  
  148  8:42  Marine  
  148  8:43  Marine x4  
  148  8:44  Medivac  
  148  8:45  Medivac  
  157  8:54  Marine x7  
  164  9:01  Siege Tank, Supply Depot  
  167  9:10  Marine x6  
  132  9:25  Marine x8, Medivac x2  
  132  9:29  Marine  
  132  9:31  Marine x4  
  141  9:36  Siege Tank  
  148  9:39  Marine  
  148  9:41  Marine  
  148  9:43  Marine x3  
  153  10:00  Marine x7  
  159  10:08  Siege Tank, Marine  
  159  10:09  Marine x3  
  166  10:18  Marine x7  
  173  10:23  Barracks  
  173  10:27  Supply Depot x2  
  173  10:32  Medivac x2  
  173  10:35  Marine x5  
  178  10:37  Marine  
  178  10:41  Siege Tank  
  186  10:48  Marine x6  
  183  10:58  Marine x8  
  189  11:04  Medivac x2  
  189  11:10  Marine x6  
  196  11:12  Marine  
  196  11:25  Siege Tank  
  146  11:26  Marine x5  
  146  11:27  Marine x3  
  146  11:29  Marine  
  155  11:36  Marine  
  155  11:37  Marine x5  
  160  11:44  Marine  
  161  11:50  Marine  
  161  11:51  Marine x3  
Tags
 
Add a new tag
Caveats
  • Supply blocks, unpowered buildings, or Contaminate may cause inaccurate times.
  • Supply counts are checked every 10 seconds.